 Dungeon Crawl Stone Soup version 0.20-b1 (webtiles) character file.

34798 Monsterracer the Destroyer (level 13, -6/76 HPs)
             Began as a Deep Elf Fire Elementalist on May 18, 2017.
             Was an Elder of Vehumet.
             Mangled by a spiny frog (20 damage)
             ... on level 5 of the Lair of Beasts.
             The game lasted 01:29:22 (19037 turns).

Monsterracer the Destroyer (DEFE)                  Turns: 19037, Time: 01:29:23

Health: -6/76      AC: 11    Str:  5    XL:     13   Next: 44%
Magic:  45/54      EV: 18    Int: 26    God:    Vehumet [****..]
Gold:   1715       SH:  0    Dex: 13    Spells: 6/35 levels left

rFire    . . .     SeeInvis .   y - staff of power
rCold    . . .     Gourm    .   (no shield)
rNeg     . . .     Faith    .   J - +2 robe of the Shoals {Regen+ rCorr Dex-2}
rPois    +         Spirit   .   q - +2 helmet
rElec    .         Reflect  .   u - +2 cloak
rCorr    +         Harm     .   (no gloves)
MR       +....                  x - +0 pair of boots
Stlth    ++........             z - amulet of regeneration
Regen    1.1/turn               n - ring of Summertime {rCorr MP+9}
MPRegen  0.4/turn               w - ring of poison resistance

@: lethally poisoned (-6 -> -7)
A: no striking features
a: Renounce Religion


You were on level 5 of the Lair of Beasts.
You worshipped Vehumet.
Vehumet was greatly pleased with you.
You were not hungry.

You visited 4 branches of the dungeon, and saw 20 of its levels.

You collected 1715 gold pieces.

Inventory:

Hand Weapons
 I - the +1 battleaxe of Terra Cotta {freeze, rC+ rN+}
   (You found it on level 10 of the Dungeon)

   It has been specially enchanted to freeze those struck by it, causing extra
   injury to most foes and up to half again as much damage against particularly
   susceptible opponents.
   It can also slow down cold-blooded creatures.
   It protects you from cold.
   It protects you from negative energy.
Armour
 q - a +2 helmet (worn)
 t - the +3 chain mail of Inaction {Int+7}
   (You found it on level 4 of the Dungeon)

   It affects your intelligence (+7).
 u - a +2 cloak (worn)
 x - a +0 pair of boots (worn)
 C - the +1 swamp dragon scales of Submission {rPois MR+}
   (You found it on level 3 of the Dungeon)

   It protects you from poison.
   It affects your resistance to hostile enchantments.
 E - a +0 buckler
 J - the +2 robe of the Shoals (worn) {Regen+ rCorr Dex-2}
   (You found it on level 1 of the Lair of Beasts)

   It affects your dexterity (-2).
   It increases your rate of regeneration.
   It protects you from acid and corrosion.
Magical Staves
 y - an uncursed staff of power (weapon)
Jewellery
 a - a +4 ring of evasion
 b - an uncursed ring of wizardry
 n - the ring of Summertime (left hand) {rCorr MP+9}
   (You found it on level 8 of the Dungeon)

   [ring of resist corrosion]

   It affects your magic capacity (+9).
 p - an uncursed amulet of the gourmand
 w - a ring of poison resistance (right hand)
 z - an amulet of regeneration (around neck)
 H - a +6 ring of strength
 L - an uncursed ring of protection from magic
Wands
 g - a wand of confusion (30/48)
 s - a wand of paralysis (16/24)
 D - a wand of digging (13/24)
 M - a wand of iceblast (9/15)
 N - a wand of acid (12/15)
Scrolls
 e - 11 scrolls of identify
 i - 7 scrolls of remove curse
 j - 3 scrolls of fog
 k - 6 scrolls of enchant weapon
 A - 2 scrolls of fear
 F - 5 scrolls of teleportation
 G - a scroll of magic mapping
 P - a scroll of amnesia
Potions
 f - a potion of haste
 h - 3 potions of heal wounds
 l - a potion of agility
 m - 9 potions of curing
 r - 3 potions of brilliance
 v - a potion of berserk rage
 B - a potion of resistance
 K - a potion of flight
 Q - a potion of might
Comestibles
 c - 11 bread rations
 d - 10 meat rations
 o - 7 fruits
 O - 8 chunks of flesh
 R - a royal jelly


   Skills:
 + Level 7.3 Fighting
 - Level 1.2 Armour
 + Level 10.8 Dodging
 - Level 2.4 Stealth
 + Level 11.8 Spellcasting
 * Level 13.5 Conjurations
 + Level 13.3 Fire Magic


You had 6 spell levels left.
You knew the following spells:

 Your Spells              Type           Power        Failure   Level  Hunger
a - Flame Tongue          Conj/Fire      #####        0%          1    None
b - Conjure Flame         Conj/Fire      ######..     1%          3    None
c - Sticky Flame          Conj/Fire      ######..     1%          4    None
d - Fireball              Conj/Fire      ######....   1%          5    ###....
e - Blink                 Tloc           N/A          6%          2    None
f - Mephitic Cloud        Conj/Pois/Air  #####...     1%          3    None
g - Force Lance           Conj/Tloc      ######..     1%          4    None
h - Magic Dart            Conj           ####         0%          1    None
i - Throw Frost           Conj/Ice       ######       1%          2    None
j - Static Discharge      Conj/Air       ######..     1%          3    None
k - Summon Butterflies    Summ           ###.....     3%          1    None


Dungeon Overview and Level Annotations

Branches:
Dungeon (11/15)            Temple (1/1) D:5            Lair (6/6) D:11
  Swamp (0/4) Lair:3       Spider (0/4) Lair:3          Orc (2/2) D:10
    Elf (0/3) Orc:2
  Slime: Lair:5-6

Altars:
Ashenzari
Cheibriados
Dithmenos
Elyvilon
Fedhas
Gozag
Hepliaklqana
Kikubaaqudgha
Makhleb
Nemelex Xobeh
Okawaru
Qazlal
Ru
Sif Muna
Trog
Uskayaw
Vehumet
Xom
Yredelemnul
Zin
The Shining One

Annotations:
D:4 1 runed door


Message History

The spiny frog is heavily wounded.
The lightning grounds out.
You feel sick. The spiny frog stings you. The tyrant leech bites you!!
* * * LOW HITPOINT WARNING * * *
The tyrant leech draws strength from your injuries!
Unknown command.
You feel much better.
You feel sick. The spiny frog barely misses you.
The tyrant leech bites you but does no damage.
Casting: Static Discharge
Confirm with . or Enter, or press ? or * to list all spells.
Aiming: Sticky Flame
Press: ? - help, Shift-Dir - straight line, f - spiny frog
Aim: a spiny frog (heavily wounded)
The sticky flame hits the spiny frog.
The spiny frog is severely wounded.
The spiny frog is covered in liquid flames!
You feel sick.
The spiny frog burns!
The spiny frog stings you!
* * * LOW HITPOINT WARNING * * *
The tyrant leech barely misses you. The spiny frog stings you!!
You die...

.##P..##................P..#.....
#####.###...................##.#.
####....................#####
#...................P#
#...................##
##..................#
#..................##
##.....(..÷..........#
#........@..........##
#..^....wF÷..........###
##.....[............##.###
#..................P..#.#
##.......#.#.....}.......
######.....##..#...........
#######.####....#....P...........
#PP....#.P.#.....................
P...........P....................


You could see a tyrant leech and a spiny frog (burning).

Vanquished Creatures
  An ice dragon (D:10)
  6 hydras
  A great orb of eyes (D:8)
  3 two-headed ogres
  The ghost of Inarius the Carver, a novice MiFi (D:9)
  A sea snake (shapeshifter) (D:8)
  3 unseen horrors
  A flayed ghost (D:9)
  The ghost of feelmyfire the Arsonist, a novice DEFE of Vehumet (D:8)
  A cyclops (Orc:1)
  An orb spider (Lair:3)
  A salamander (Lair:5)
  6 black mambas
  Maurice (D:9)
  9 spiny frogs
  A gargoyle (D:11)
  A molten gargoyle (Lair:5)
  2 freezing wraiths (D:8)
  A rime drake (D:10)
  5 komodo dragons
  2 polar bears (D:10)
  Prince Ribbit (D:6)
  3 trolls
  3 hippogriffs
  Grinder (D:3)
  5 dream sheep (Lair:5)
  6 blink frogs
  2 wyverns
  A basilisk (Lair:4)
  15 yaks
  A hungry ghost (D:3)
  2 wargs (Orc:2)
  8 porcupines
  An acid dragon (D:8)
  7 water moccasins
  8 orc warriors
  6 sky beasts
  3 ice beasts
  2 black bears
  A phantom (D:3)
  8 ogres
  A necrophage (D:9)
  An eye of draining (D:11)
  2 wolves (Lair:3)
  2 centaurs
  8 crocodiles
  11 bullfrogs
  4 wyvern zombies
  3 scorpions
  4 killer bees (D:8)
  3 wights (D:9)
  An electric eel (Lair:3)
  3 howler monkeys
  A crimson imp (D:6)
  2 centaur zombies
  5 hounds
  2 jellies
  A centaur skeleton (D:5)
  10 orc priests
  A bullfrog skeleton (D:10)
  A human skeleton (D:4)
  2 iguanas
  16 orc wizards
  5 worker ants
  3 hound zombies
  2 hound skeletons
  A howler monkey zombie (D:4)
  10 adders
  A hound simulacrum (D:10)
  5 shadow imps
  2 oozes
  2 adder skeletons (D:7)
  2 worms
  A dart slug (D:3)
  2 leopard geckos
  43 orcs
  4 ball pythons
  8 bats
  4 giant cockroaches
  12 goblins
  8 hobgoblins
  13 jackals
  7 quokkas
  5 frilled lizards
  A jackal zombie (D:4)
  9 kobolds
  5 rats
  A fungus (Lair:3)
  2 plants (D:11)
375 creatures vanquished.

Vanquished Creatures (others)
  A fungus (Lair:5)
  3 plants
4 creatures vanquished.

Grand Total: 379 creatures vanquished

Notes
Turn   | Place    | Note
-------+----------+-------------------------------------------
     0 | D:1      | Monsterracer the Deep Elf Fire Elementalist began the quest for the Orb.
     0 | D:1      | Reached XP level 1. HP: 10/10 MP: 6/6
   369 | D:1      | Reached XP level 2. HP: 13/15 MP: 4/8
  1271 | D:2      | Reached XP level 3. HP: 19/19 MP: 6/10
  1276 | D:2      | Learned a level 3 spell: Conjure Flame
  1450 | D:2      | Found a burning altar of Makhleb.
  1456 | D:2      | Reached XP level 4. HP: 20/24 MP: 7/12
  1465 | D:2      | Learned a level 4 spell: Sticky Flame
  2229 | D:3      | Found a sacrificial altar of Ru.
  2307 | D:3      | Found a glowing silver altar of Zin.
  2308 | D:3      | Noticed a phantom
  2314 | D:3      | Noticed an ogre
  2319 | D:3      | Noticed a hungry ghost
  2660 | D:3      | Reached XP level 5. HP: 27/28 MP: 8/13
  2894 | D:3      | Noticed Grinder
  2900 | D:3      | Killed Grinder
  2900 | D:3      | Reached skill level 5 in Spellcasting
  2900 | D:3      | Reached skill level 5 in Fire Magic
  2900 | D:3      | Reached XP level 6. HP: 28/32 MP: 5/15
  2907 | D:3      | Learned a level 5 spell: Fireball
  2909 | D:3      | Learned a level 1 spell: Magic Dart
  3486 | D:4      | Got a brightly glowing chain mail
  3786 | D:4      | Found a shadowy altar of Dithmenos.
  3869 | D:4      | Found a blossoming altar of Fedhas.
  3991 | D:4      | Reached XP level 7. HP: 36/36 MP: 8/17
  4048 | D:4      | Learned a level 2 spell: Blink
  4071 | D:4      | Found a runed door.
  4071 | D:4      | Noticed a human
  4127 | D:4      | Found a basalt altar of Yredelemnul.
  4192 | D:4      | Found a stormy altar of Qazlal.
  4221 | D:5      | Entered Level 5 of the Dungeon
  4221 | D:5      | Found a staircase to the Ecumenical Temple.
  4225 | Temple   | Entered the Ecumenical Temple
  4450 | Temple   | Reached skill level 5 in Conjurations
  4619 | D:5      | Learned a level 1 spell: Flame Tongue
  5346 | D:5      | Found a faded altar of an unknown god.
  5346 | D:5      | Found a shimmering altar of Xom.
  5351 | D:5      | Found a faded altar of an unknown god.
  5353 | D:5      | Found a sparkling altar of Nemelex Xobeh.
  5355 | D:5      | Found a radiant altar of Vehumet.
  5361 | D:5      | Became a worshipper of Vehumet
  5386 | D:5      | Identified the +3 chain mail of Inaction {Int+7} (You found it on level 4 of the Dungeon)
  5668 | D:5      | Reached XP level 8. HP: 42/42 MP: 14/18
  5711 | D:5      | Found a deep blue altar of Sif Muna.
  5711 | D:5      | Found a bloodstained altar of Trog.
  5829 | D:6      | Noticed Prince Ribbit
  5835 | D:6      | Killed Prince Ribbit
  5835 | D:6      | Reached skill level 1 in Fighting
  5957 | D:6      | Learned a level 3 spell: Mephitic Cloud
  6071 | D:6      | Found an opulent altar of Gozag.
  7286 | D:7      | Found an iron altar of Okawaru.
  7295 | D:7      | Found a hazy altar of Hepliaklqana.
  7334 | D:7      | Reached XP level 9. HP: 38/48 MP: 12/21
  7394 | D:7      | Reached * piety under Vehumet
  7394 | D:7      | Offered knowledge of Shock by Vehumet.
  7394 | D:7      | Reached skill level 5 in Dodging
  8488 | D:3      | Got ancient swamp dragon scales
  8499 | D:3      | Identified the +1 swamp dragon scales of Submission {rPois MR+} (You found it on level 3 of the Dungeon)
  8846 | D:8      | Learned a level 1 spell: Summon Butterflies
  8850 | D:8      | Identified a scroll of acquirement
  8867 | D:8      | Learned a level 2 spell: Throw Frost
  9024 | D:8      | Noticed feelmyfire's ghost (novice DEFE)
  9034 | D:8      | Killed feelmyfire's ghost
  9175 | D:8      | Reached ** piety under Vehumet
  9175 | D:8      | Offered knowledge of Searing Ray by Vehumet.
  9294 | D:8      | Reached XP level 10. HP: 56/56 MP: 24/24
  9570 | D:8      | Got a scorched marble ring
  9574 | D:8      | Found a runed door.
  9575 | D:8      | Identified the ring of Summertime {rCorr MP+9} (You found it on level 8 of the Dungeon)
  9577 | D:8      | Noticed a great orb of eyes
  9577 | D:8      | Noticed a fire crab
  9587 | D:8      | Noticed a cyclops
  9624 | D:8      | Noticed a two-headed ogre
  9640 | D:8      | Killed a two-headed ogre
  9869 | D:9      | Reached skill level 10 in Fire Magic
  9896 | D:9      | Noticed Inarius's ghost (novice MiFi)
  9917 | D:9      | Killed Inarius's ghost
 10137 | D:9      | Noticed Maurice
 10150 | D:9      | Killed Maurice
 10284 | D:9      | Found a shimmering altar of Xom.
 10322 | D:9      | Found a shimmering altar of Xom.
 10322 | D:9      | Found a shimmering altar of Xom.
 10322 | D:9      | Found a shimmering altar of Xom.
 10323 | D:9      | Found a shimmering altar of Xom.
 10806 | D:9      | Noticed a wolf spider
 10843 | D:10     | Entered Level 10 of the Dungeon
 10982 | D:10     | Noticed an ice dragon
 11046 | D:10     | Reached skill level 10 in Conjurations
 11266 | D:10     | Got the battleaxe of Terra Cotta {freeze}
 11267 | D:10     | Identified the cursed +1 battleaxe of Terra Cotta {freeze, rC+ rN+} (You found it on level 10 of the Dungeon)
 11576 | D:10     | Found a staircase to the Orcish Mines.
 11591 | D:10     | Offered knowledge of Ignite Poison by Vehumet.
 11604 | D:10     | Noticed an unseen horror
 11614 | D:10     | Killed an unseen horror
 11614 | D:10     | Reached XP level 11. HP: 50/62 MP: 26/26
 11702 | D:10     | Killed an ice dragon
 11911 | D:10     | Noticed a yaktaur captain
 11911 | D:10     | Noticed a fire giant
 11912 | D:10     | Noticed a stone giant
 11937 | D:10     | Noticed a flayed ghost
 12021 | D:9      | Killed a flayed ghost
 12024 | D:9      | Noticed an unseen horror
 12027 | D:9      | Killed an unseen horror
 12232 | D:8      | Noticed a two-headed ogre
 12248 | D:8      | Killed a two-headed ogre
 12330 | D:8      | Noticed a sea snake
 12338 | D:8      | Killed an unseen horror
 12338 | D:8      | Reached skill level 5 in Fighting
 12340 | D:8      | Reached *** piety under Vehumet
 12345 | D:8      | Killed a sea snake
 12350 | D:8      | Killed a great orb of eyes
 12350 | D:8      | Reached skill level 10 in Spellcasting
 12502 | D:8      | Got a transparent ring mail
 12513 | D:8      | Identified the +3 ring mail of Happy Babbling {-Cast Regen+ Dex+5} (You found it on level 8 of the Dungeon)
 12719 | D:10     | Noticed a frost giant
 12722 | D:10     | HP: 3/63 [stone giant/large rock (44)]
 12836 | Orc:1    | Entered Level 1 of the Orcish Mines
 12948 | Orc:2    | Entered Level 2 of the Orcish Mines
 13076 | Orc:1    | Offered knowledge of Static Discharge by Vehumet.
 13081 | Orc:1    | Learned a level 3 spell: Static Discharge
 13445 | Orc:2    | Found a staircase to the Elven Halls.
 13720 | D:11     | Noticed a seven-headed hydra
 13726 | D:11     | Killed a seven-headed hydra
 13726 | D:11     | Reached XP level 12. HP: 56/67 MP: 28/28
 13801 | D:11     | Noticed a two-headed ogre
 13807 | D:11     | Killed a two-headed ogre
 14060 | D:11     | Found a staircase to the Lair.
 14068 | D:11     | Reached **** piety under Vehumet
 14135 | Lair:1   | Entered Level 1 of the Lair of Beasts
 14440 | Lair:1   | Offered knowledge of Force Lance by Vehumet.
 14463 | Lair:1   | Reached skill level 1 in Armour
 15123 | Lair:2   | Noticed a six-headed hydra
 15135 | Lair:2   | Killed a six-headed hydra
 15151 | Lair:2   | Learned a level 4 spell: Force Lance
 15222 | Lair:1   | Got a smoking robe
 15233 | Lair:1   | Identified the +2 robe of the Shoals {Regen+ rCorr Dex-2} (You found it on level 1 of the Lair of Beasts)
 15617 | Lair:2   | Noticed an eight-headed hydra
 15628 | Lair:2   | Killed an eight-headed hydra
 15683 | Lair:2   | Noticed a six-headed hydra
 15692 | Lair:2   | Killed a six-headed hydra
 15970 | Lair:3   | Reached skill level 10 in Dodging
 16149 | Lair:3   | Got an ichor-stained leather armour
 16160 | Lair:3   | Identified the +3 leather armour of Bad Feelings {+Blink} (You found it on level 3 of the Lair of Beasts)
 16491 | Lair:3   | Found a staircase to the Swamp.
 16534 | Lair:3   | Found a hole to the Spider Nest.
 16545 | Lair:3   | Reached XP level 13. HP: 75/75 MP: 30/30
 18914 | Lair:6   | Entered Level 6 of the Lair of Beasts
 19035 | Lair:5   | HP: 2/75 [tyrant leech (27)]
 19037 | Lair:5   | Mangled by a spiny frog

Skill      XL: |  1  2  3  4  5  6  7  8  9 10 11 12 13 |
---------------+----------------------------------------+-----
Conjurations   | 2 4 5 7 8 10 11 12 13 | 13.5
Spellcasting   | 4 5 6 8 9 10 11 | 11.8
Fire Magic     | 4 5 6 7 8 9 10 12 13 | 13.3
Dodging        | 3 4 6 7 8 10 | 10.8
Fighting       | 2 3 4 5 6 7 |  7.3
Armour         | 1 |  1.2
Stealth        | |  2.4

Action                   |  1- 3 |  4- 6 |  7- 9 | 10-12 | 13-15 || total
-------------------------+-------+-------+-------+-------+-------++-------
Melee: Dagger            |       |     6 |     7 |       |       ||    13
       Staff             |       |       |       |    22 |    10 ||    32
 Cast: Flame Tongue      |    65 |    89 |   211 |   417 |   111 ||   893
       Conjure Flame     |       |     7 |    13 |    16 |       ||    36
       Sticky Flame      |       |     4 |    14 |    61 |    15 ||    94
       Magic Dart        |       |     3 |    19 |    11 |       ||    33
       Fireball          |       |       |    14 |    39 |     5 ||    58
       Mephitic Cloud    |       |       |     2 |    11 |     2 ||    15
       Throw Frost       |       |       |     1 |     7 |     8 ||    16
       Blink             |       |       |     1 |     5 |       ||     6
       Force Lance       |       |       |       |     8 |    15 ||    23
       Summon Butterflie |       |       |       |     1 |       ||     1
       Static Discharge  |       |       |       |       |     7 ||     7
  Use: Potion            |       |     5 |     5 |     2 |     1 ||    13
       Scroll            |       |     2 |    13 |    10 |     3 ||    28
 Stab: Sleeping          |       |       |     1 |       |       ||     1
  Eat: Chunk             |     1 |    11 |    26 |    24 |     8 ||    70
       Royal jelly       |       |       |       |     1 |       ||     1
Armor: Robe              |     6 |     6 |    21 |    12 |    16 ||    61
       Swamp dragon scal |       |       |    14 |    73 |       ||    87
       Chain mail        |       |       |       |    35 |       ||    35
Dodge: Dodged            |    30 |    17 |    48 |   148 |    58 ||   301
